 Dungeon Crawl Stone Soup version 0.29.0-5-ge4962eb29e (webtiles) character file.

Game seed: 10961169122321414341

3452 Flugkiller the Cleaver (level 9, -10/82 HPs)
             Began as a Minotaur Fighter on Aug 28, 2022.
             Was a Believer of Okawaru.
             Mangled by a hornet (14 damage)
             ... on level 8 of the Dungeon.
             The game lasted 00:03:22 (8099 turns).

Flugkiller the Cleaver (Minotaur Fighter)           Turns: 8099, Time: 00:03:23

Health: -10/82     AC:  8    Str: 21    XL:     9   Next: 78%
Magic:  11/11      EV:  9    Int:  5    God:    Okawaru [**....]
Gold:   526        SH:  5    Dex: 14    Spells: 8/8 levels left

rFire   + + .      SeeInvis .   k - +2 hand axe (elec)
rCold   . . .      Faith    .   c - +0 buckler
rNeg    . . .      Spirit   .   b - +0 scale mail
rPois   .          Reflect  .   (helmet restricted)
rElec   .          Harm     .   (no cloak)
rCorr   .          Rampage  .   (no gloves)
Will    .....                   (no boots)
Stlth   ..........              (no amulet)
HPRegen 0.23/turn               f - ring of protection from fire
MPRegen 0.12/turn               n - ring of protection from fire

@: slowed, very slow
A: horns 2, retaliatory headbutt
a: Renounce Religion, Heroism


You were on level 8 of the Dungeon.
You worshipped Okawaru.
Okawaru was pleased with you.
You visited 1 branch of the dungeon, and saw 8 of its levels.
You also visited: Sewer.

You collected 526 gold pieces.

Inventory:

Hand Weapons
 a - a +0 war axe
 k - a +2 hand axe of electrocution (weapon)
   (You took it off an orc on level 2 of the Dungeon)
Armour
 b - a +0 scale mail (worn)
 c - a +0 buckler (worn)
Jewellery
 f - a ring of protection from fire (left hand)
   (You found it on level 1 of the Dungeon)
 n - a ring of protection from fire (right hand)
   (You found it on level 2 of the Dungeon)
Wands
 A - a wand of paralysis (11)
   (You found it on level 5 of the Dungeon)
Scrolls
 e - a scroll of silence
 g - a scroll of immolation
 t - 3 scrolls of teleportation
 z - 2 scrolls of blinking
 G - a scroll of fear
 H - a scroll of vulnerability
 I - a scroll of enchant weapon
Potions
 d - 3 potions of might
 i - a potion of ambrosia {unknown}
 j - a potion of attraction {unknown}
 l - a potion of experience {unknown}
 m - a potion of flight {unknown}
 q - 2 potions of curing
 s - 2 potions of degeneration {unknown}
 u - 3 potions of brilliance {unknown}
 w - 4 potions of heal wounds
 x - a potion of invisibility
 B - a potion of magic {unknown}
 E - a potion of lignification {unknown}
 J - a potion of berserk rage {unknown}


   Skills:
 + Level 8.7 Fighting
 * Level 11.5 Axes
 + Level 8.7 Armour
 - Level 3.6 Shields
 + Level 4.1 Invocations


You had 8 spell levels left.
You didn't know any spells.
Your spell library was empty.

Dungeon Overview and Level Annotations

Branches:
Dungeon (8/15)             Temple (0/1) D:7           Sewer (visited)
   Lair: D:8-11

Altars:
Elyvilon
Okawaru
Sif Muna
Trog
Uskayaw
Xom

Shops:
D:6 [

Annotations:
D:6 2 transporters, Shym's ghost, novice TrTm


Innate Abilities, Weirdness & Mutations

You have a pair of horns on your head.
You reflexively headbutt those who attack you in melee.


Message History

You hit the yak.
The yak is heavily wounded.
You hit the yak. Lightning courses through the yak!!
The yak gores you but does no damage. You block the yak's attack.
You barely miss the yak.
The yak is severely wounded.
You hit the yak. Lightning courses through the yak!!
You kill the yak!
Okawaru accepts your kill.
You slash the yak!
The yak is almost dead.
You block the yak's attack.
You slash the yak!
You kill the yak!
Okawaru is honoured by your kill.
You hit the yak. You block the yak's attack.
You slash the yak! Lightning courses through the yak! You headbutt the yak!
The yak is severely wounded.
You barely miss the yak. The yak barely misses you. You furiously retaliate!
You headbutt the yak! The yak gores you.
You hit the yak. Lightning courses through the yak!
You kill the yak!
Okawaru accepts your kill.
You hit the yak but do no damage.
Your Invocations skill increases to level 4!
You hit the yak.
The yak is moderately wounded.
The yak gores you.
You slash the yak! You headbutt the yak, but do no damage.
The yak is severely wounded.
The yak gores you but does no damage.
You slash the yak!
You kill the yak!
Okawaru accepts your kill.
No target in view!
Magic restored.
You see here a yak corpse.
Things that are here:
a yak corpse; a yak corpse
There is an escape hatch in the floor here.
You see here a yak corpse.
Found an escape hatch in the ceiling.
Found a stone staircase leading down.
g - a scroll of immolation A hornet comes into view.
The hornet buzzes angrily.
You block the hornet's attack.
The hornet stings you but does no damage.
You hit the hornet.
The hornet is lightly wounded.
The hornet stings you!
You are poisoned.
You suddenly lose the ability to move!
You feel very sick. The hornet stings you.
You feel yourself slow down.
You feel sick. The hornet stings you!
You feel as though you will be slow longer.
The hornet stings you.
You are more poisoned.
You feel as though you will be slow longer.
You feel very sick. The hornet stings you!
You are more poisoned.
You feel as though you will be slow longer.
You can move again.
You slash the hornet! You headbutt the hornet.
The hornet is moderately wounded.
You feel very sick.
The hornet stings you but does no damage.
The hornet stings you!
* * * LOW HITPOINT WARNING * * *
You are lethally poisoned!
You feel as though you will be slow longer.
You are too injured to fight recklessly!
You barely miss the hornet.
The hornet is moderately wounded.
* * * LOW HITPOINT WARNING * * *
You feel extremely sick. The hornet stings you.
* * * LOW HITPOINT WARNING * * *
You feel as though you will be slow longer.
You block the hornet's attack.
You are too injured to fight recklessly!
Unknown command.
You feel better. The hornet completely misses you. The hornet stings you.
* * * LOW HITPOINT WARNING * * *
You feel as though you will be slow longer.
Okay, then.
Aiming: Paralyse
Press: ? - help, Shift-Dir - straight line, f - hornet
Aim: a hornet (moderately wounded, chance to affect: 39%)
The hornet resists with some effort.
The hornet stings you!
* * * LOW HITPOINT WARNING * * *
You feel as though you will be slow longer.
The hornet closely misses you.
Aiming: Paralyse
Press: ? - help, Shift-Dir - straight line, f/p - hornet
Aim: a hornet (moderately wounded, chance to affect: 39%)
The hornet resists with some effort.
The hornet stings you!
You die...

#.#.#####..###...
# #...####.#
#...# ..
#.##..##..# . ..
#. ##..#..## ..
..#
..###......##...
.#
.##.............#
.#
##..###....####
#. ##...#...##
#...@....#
#...y......#
#....###......
#....# #.....
#.... #....
...... #... ...##
..# ...


You could see a hornet.

Vanquished Creatures
  7 yaks (D:8)
  Sigmund (D:4)
  A wyvern (D:7)
  Menkaure (D:4)
  An ice beast (D:6)
  2 black bears
  2 centaurs
  2 phantoms (D:5)
  2 bullfrogs
  A kobold brigand (D:6)
  2 necrophages (D:5)
  A gnoll sergeant (D:4)
  2 scorpions (D:6)
  3 killer bees (D:7)
  A howler monkey (D:7)
  A jelly (D:6)
  4 hounds
  2 orc priests (D:3)
  Jessica (D:3)
  2 iguanas
  4 orc wizards
  Robin (D:2)
  4 river rats (Sewer)
  13 adders
  4 gnolls (D:4)
  2 white imps
  2 worms (D:2)
  3 dart slugs
  27 orcs
  8 endoplasms
  8 giant cockroaches
  16 goblins
  11 hobgoblins
  17 jackals
  7 quokkas
  9 ball pythons
  7 bats
  3 frilled lizards (Sewer)
  11 kobolds
  4 rats
200 creatures vanquished.

Vanquished Creatures (others)
  3 plants (Sewer)
3 creatures vanquished.

Grand Total: 203 creatures vanquished

Notes
Turn   | Place    | Note
-------+----------+-------------------------------------------
     0 | D:1      | Flugkiller the Minotaur Fighter began the quest for the
                  | Orb.
     0 | D:1      | Reached XP level 1. HP: 19/19 MP: 0/0
    27 | D:1      | Reached XP level 2. HP: 22/27 MP: 1/1
   113 | D:1      | Reached skill level 3 in Axes
   530 | D:2      | Reached XP level 3. HP: 27/33 MP: 2/2
   649 | D:2      | Noticed Robin
   660 | D:2      | Reached skill level 4 in Axes
   669 | D:2      | Killed Robin
   670 | D:2      | Reached XP level 4. HP: 17/41 MP: 3/3
  1548 | D:3      | Noticed Jessica
  1554 | D:3      | Reached XP level 5. HP: 47/47 MP: 4/4
  1561 | D:3      | Killed Jessica
  1562 | D:3      | Reached skill level 5 in Axes
  1716 | D:3      | Reached skill level 5 in Armour
  1717 | D:3      | Reached skill level 5 in Fighting
  2364 | D:4      | Reached XP level 6. HP: 54/56 MP: 5/5
  2527 | D:4      | Reached skill level 6 in Axes
  2928 | D:4      | Noticed Sigmund
  2942 | D:4      | Killed Sigmund
  2943 | D:4      | Reached XP level 7. HP: 30/62 MP: 6/6
  3158 | D:4      | Noticed Menkaure
  3163 | D:4      | Killed Menkaure
  3164 | D:4      | Reached skill level 7 in Axes
  3743 | D:5      | Entered Level 5 of the Dungeon
  3817 | D:5      | Found a bloodstained altar of Trog.
  3832 | D:5      | Reached skill level 8 in Axes
  4185 | D:5      | Reached XP level 8. HP: 71/71 MP: 7/7
  4504 | D:5      | Found a hide-covered altar of Uskayaw.
  4505 | D:5      | Found a shimmering altar of Xom.
  4506 | D:5      | Found a white marble altar of Elyvilon.
  4506 | D:5      | Found an iron altar of Okawaru.
  4507 | D:5      | Found a shimmering blue altar of Sif Muna.
  4596 | D:5      | Became a worshipper of Warmaster Okawaru
  4703 | D:6      | Found Robon's Armour Shop.
  4758 | D:6      | Reached skill level 9 in Axes
  4942 | D:6      | Reached skill level 1 in Invocations
  4997 | D:6      | Found a glowing drain.
  5016 | Sewer    | Entered a sewer
  5730 | D:6      | Noticed an orange demon
  5747 | D:6      | Found a transporter.
  5753 | D:6      | Noticed a toenail golem
  5757 | D:6      | Noticed Shym's ghost (novice TrTm)
  5763 | D:6      | Found a transporter.
  6284 | D:6      | Reached * piety under Okawaru
  6359 | D:7      | Reached skill level 10 in Axes
  6419 | D:7      | Reached XP level 9. HP: 70/80 MP: 9/9
  7132 | D:7      | Found a staircase to the Ecumenical Temple.
  7663 | D:8      | Reached ** piety under Okawaru
  7664 | D:8      | Reached skill level 11 in Axes
  7851 | D:8      | Identified the +5 long sword "Dicuosch" {holy, *Corrode
                  | rF++ Dex+7}
  8091 | D:8      | Paralysed by a hornet for 3 turns
  8098 | D:8      | HP: 4/82 [hornet (9)]
  8099 | D:8      | Mangled by a hornet

Illustrated notes

Levels and vault maps discovered:
D:1:      saegor_arrival_simple_c, layout_rooms
D:2:      layout_basic, guppyfry_early_orc_mine, uniq_robin
D:3:      minmay_general_purpose_star, layout_basic, reono_crystal_passage,
          uniq_jessica
D:4:      layout_loops_corners, minmay_cupped, uniq_sigmund, uniq_menkaure
D:5:      layout_basic, grunt_temple_overflow_open, kennysheep_mini
D:6:      layout_cave_pods, gammafunk_ghost_abyssal_escape,
          gup_sewer_entry_pipe, serial_shops, shop_coins
D:7:      layout_cave_pools, lemuel_temple_firewalk_b
D:8:      layout_layer_cave

Skill      XL: |  1  2  3  4  5  6  7  8  9 |
---------------+----------------------------+-----
Axes           | 3 4 5 6 8 10 11 | 11.5
Armour         | 4 5 6 7 8 |  8.7
Fighting       | 4 5 6 7 8 |  8.7
Invocations    | 2 4 |  4.1
Shields        | |  3.6

Action                   |  1- 3 |  4- 6 |  7- 9 || total
-------------------------+-------+-------+-------++-------
Melee: War axe           |    58 |    21 |       ||    79
       Headbutt          |     7 |    19 |    52 ||    78
       Hand axe          |       |   114 |   275 ||   389
Evoke: Wand              |       |       |     2 ||     2
  Use: Potion            |     1 |     2 |     1 ||     4
       Scroll            |       |       |    13 ||    13
Armor: Scale mail        |    37 |    52 |    92 ||   181
Dodge: Dodged            |    44 |    46 |    96 ||   186
Block: Buckler           |    11 |    26 |    47 ||    84
